AoeStats
← kızılelma

Four Lakes

510263988Analyzed
1v1 RM · 1d ago on Sep 30, 2026· 62m 35s· 2 players
Game mode
Random Map
Map size
Tiny (2 player)
Population
200
Speed
Normal
Resources
Standard
Victory
Conquest
Starting age
Dark Age
Ending age
Imperial Age
RankedLock teamsTeams togetherTeam positionsShared explorationLock speedFull tech treeHidden civsTurbo modeCheats
Victory
Defeat
🇹🇷 Turks · Türkiye
406
+20
🇵🇱 Teutons · Poland
505
-20
kızılelma
2:08 Loom
16:41 Feudal Age
17:59 Wheelbarrow
17:11 Town Watch
18:56 Double-Bit Axe
18:55 Horse Collar
24:48 Castle Age
24:51 Stone Mining
25:58 Hand Cart
26:06 Husbandry
26:43 Squires
26:29 Arson
30:44 Imperial Age
33:30 Gold Mining
35:10 Artillery
35:19 Heavy Plow
35:59 Bow Saw
36:24 Town Patrol
38:16 Two-Man Saw
37:43 Ballistics
41:47 Bombard Tower
41:24 Murder Holes
41:15 Arrowslits
41:41 Masonry
41:23 Heavy Camel Rider
42:17 Man-at-Arms
43:20 Long Swordsman
46:20 Two-Handed Swordsman
47:49 Elite Janissary
49:27 Scale Mail Armor
49:28 Padded Archer Armor
49:18 Fletching
49:39 Forging
49:35 Scale Barding Armor
54:57 Champion
56:34 Chain Mail Armor
56:35 Leather Archer Armor
56:15 Bodkin Arrow
56:56 Iron Casting
maniekXIX
0:29 Loom
11:18 Feudal Age
12:46 Wheelbarrow
11:57 Town Watch
11:59 Horse Collar
12:19 Double-Bit Axe
19:28 Castle Age
17:38 Gold Mining
17:51 Fishing Lines
21:32 Hand Cart
21:15 Stone Mining
21:40 Bow Saw
22:47 Heavy Plow
26:32 Stone Shaft Mining
29:37 Imperial Age
27:53 Fervor
29:20 Bloodlines
29:26 Forging
29:22 Scale Barding Armor
29:09 Fletching
29:20 Padded Archer Armor
29:36 Masonry
31:06 Cavalier
31:47 Bodkin Arrow
32:59 Two-Man Saw
32:55 Crop Rotation
33:15 Conscription
33:25 Gillnets
36:14 Hoardings
36:10 Crenellations
36:05 Siege Engineers
37:05 Chemistry
36:43 Ballistics
35:47 Crossbowman
38:15 Iron Casting
38:20 Squires
38:06 Arson
38:25 Scale Mail Armor
38:53 Chain Barding Armor
40:03 Blast Furnace
39:55 Ironclad
40:15 Chain Mail Armor
41:59 Paladin
46:23 Plate Barding Armor
46:41 Leather Archer Armor
47:01 Plate Mail Armor
46:14 Capped Ram
47:47 Sanctity
48:26 Hoardings
48:14 Elite Teutonic Knight
49:15 Crenellations
53:22 Pikeman
Connection lost

Rejoining the realm…

Still unreachable

The connection could not be restored.

Session expired

The server has moved on; the page needs a fresh start.